 Dungeon Crawl Stone Soup version 0.22.1-1-ga44c0e56f4 (webtiles) character file.

89 keeners the Cudgeler (level 4, 0/44 HPs)
             Began as a Troll Berserker on Nov 9, 2018.
             Was a Believer of Trog.
             Succumbed to an orc's poison
             ... on level 3 of the Dungeon.
             The game lasted 00:13:40 (1824 turns).

keeners the Cudgeler (Troll Berserker)              Turns: 1824, Time: 00:13:41

Health: 0/44       AC:  6    Str: 26    XL:     4   Next: 31%
Magic:  3/3        EV: 10    Int:  3    God:    Trog [**....]
Gold:   91         SH:  0    Dex:  9    Spells: 3/3 levels left

rFire    . . .     SeeInvis .   a - +0 mace
rCold    . . .     Gourm    +   (no shield)
rNeg     . . .     Faith    .   b - +0 animal skin
rPois    .         Spirit   .   (helmet restricted)
rElec    .         Reflect  .   k - +0 cloak
rCorr    +         Harm     .   (gloves unavailable)
MR       .....                  (boots unavailable)
Stlth    ..........             (no amulet)
HPRegen  0.54/turn              v - ring of attention (curse)
MPRegen  0.08/turn              y - ring of resist corrosion

@: lethally poisoned (0 -> -6), flying
A: large, unfitting armour, claws 3, fast metabolism 3, gourmand, regeneration
1, shaggy fur 1, tough skin 2
a: Berserk, Trog's Hand, Renounce Religion


You were on level 3 of the Dungeon.
You worshipped Trog.
Trog was pleased with you.
You were not hungry.

You visited 1 branch of the dungeon, and saw 4 of its levels.

You collected 91 gold pieces.

Inventory:

Hand Weapons
 a - a +0 mace (weapon)
 f - a +0 dagger of venom
Missiles
 l - 33 stones (quivered)
 x - 22 sling bullets
Armour
 b - a +0 animal skin (worn)
 k - a +0 cloak (worn)
Jewellery
 v - a cursed ring of attention (left claw)
 y - a ring of resist corrosion (right claw)
Scrolls
 d - a scroll of amnesia {unknown}
 g - 2 scrolls of blinking {unknown}
 j - 2 scrolls of remove curse {unknown}
 n - 2 scrolls of teleportation {unknown}
 r - 8 scrolls of identify
 t - a scroll of immolation {unknown}
Potions
 e - a potion of flight
 h - a potion of degeneration {unknown}
 q - a potion of agility
Comestibles
 c - a ration


   Skills:
 + Level 2.9 Fighting
 + Level 3.7 Maces & Flails
 + Level 0.2 Throwing
 + Level 3.0 Dodging
 + Level 0.1 Stealth


You had 3 spell levels left.
You didn't know any spells.
Your spell library was empty.

Dungeon Overview and Level Annotations

Branches:
Dungeon (4/15)
 Temple: D:4-7

Altars:
Hepliaklqana
Yredelemnul
Zin
The Shining One


Innate Abilities, Weirdness & Mutations

You are too large for most types of armour.
You have claws for hands.
Your metabolism is lightning-fast.
You like to eat raw meat.
Your natural rate of healing is unusually fast.
You are covered in fur. (AC +1)
You have very tough skin. (AC +2)


Message History

* * * LOW HITPOINT WARNING * * *
You feel sick.
You hit the rat.
You kill the rat!
Trog accepts your kill.
* * * LOW HITPOINT WARNING * * *
You feel sick. The orc misses you.
Okay, then.
It was a potion of flight.
You feel very buoyant.
You fly up into the air.
* * * LOW HITPOINT WARNING * * *
You feel sick.
As you read the scroll labeled SUMABBOAGO, it crumbles to dust.
It is a scroll of identify.
q - a potion of agility
* * * LOW HITPOINT WARNING * * *
You feel sick. The orc closely misses you. The rat bites you.
* * * LOW HITPOINT WARNING * * *
You die...

#.........#
#.........#
#K........#
#..†.......
#####..).......
##......)......#
#..#####or..##.#
#.######oK.##
##.##.@.ro###
#..#..#####
#...#..##
#..###.## ###
#.. ##.# ####.#
... #..#
##.#.#### ##
#.## #.......##
#.#
####........#
###.#
#.........)..


You could see 2 orcs, a kobold and a rat.

Vanquished Creatures
  3 adders
  An ooze (D:1)
  2 worms (D:2)
  3 leopard geckos
  5 giant cockroaches
  4 goblins
  8 hobgoblins
  5 kobolds
  2 quokkas (D:2)
  5 bats
  3 frilled lizards
  7 rats
  A spectral orc (D:2)
  A fungus (D:1)
50 creatures vanquished.

Vanquished Creatures (others)
  An orc (D:3)
1 creature vanquished.

Grand Total: 51 creatures vanquished

Notes
Turn   | Place    | Note
-------+----------+-------------------------------------------
     0 | D:1      | keeners the Troll Berserker began the quest for the Orb.
     0 | D:1      | Reached XP level 1. HP: 22/22 MP: 0/0
    92 | D:1      | Reached XP level 2. HP: 22/29 MP: 1/1
   539 | D:1      | Reached ** piety under Trog
   559 | D:1      | Reached XP level 3. HP: 36/36 MP: 2/2
   829 | D:2      | Found a glowing golden altar of the Shining One.
  1204 | D:2      | Found a basalt altar of Yredelemnul.
  1329 | D:2      | Found a glowing silver altar of Zin.
  1427 | D:2      | Found a hazy altar of Hepliaklqana.
  1556 | D:2      | Reached XP level 4. HP: 40/44 MP: 3/3
  1740 | D:3      | You fall through a shaft!
  1823 | D:3      | HP: 2/44 [rat (1)]
  1824 | D:3      | Succumbed to an orc's poison

Skill      XL: |  1  2  3 |
---------------+----------+-----
Maces & Flails | 3 |  3.7
Dodging        | 3 |  3.0
Fighting       | |  2.9
Throwing       | |  0.2
Stealth        | |  0.1

Action                   |  1- 3 |  4- 6 || total
-------------------------+-------+-------++-------
Melee: Mace              |   127 |    28 ||   155
Throw: Stone             |     3 |       ||     3
  Use: Scroll            |       |     1 ||     1
       Potion            |       |     1 ||     1
  Eat: Ration            |     3 |       ||     3
       Chunk             |     2 |     2 ||     4
Armor: Animal skin       |    59 |    12 ||    71
Dodge: Dodged            |    84 |    26 ||   110
